 Dungeon Sprint DCSS version 0.19-a0-1714-gcab94ab (webtiles) character file.

2977 Theye the Fencer (level 9, -2/88 HPs)
             Began as a Naga Gladiator on Sept 28, 2016.
             Was a High Priest of Cheibriados.
             Slain by a ten-headed hydra (3 damage)
             ... in the Dungeon (Sprint IX: "|||||||||||||||||||||||||||||").
             The game lasted 00:02:04 (766 turns).

Theye the Fencer (Naga Gladiator)                    Turns: 766, Time: 00:02:04

Health: -2/88      AC: 17    Str: 33 (34) XL:     9   Next: 82%
Magic:  4/14       EV: 22    Int: 19      God:    Cheibriados [*****.]
Gold:   0          SH:  0    Dex: 31      Spells: 0 memorised, 8 levels left

rFire  . . .     SeeInvis +     p - +2 scimitar (holy)
rCold  . . .     Gourm    .     s - +1 scale mail
rNeg   . . .     Faith    .     (no shield)
rPois  +         Spirit   .     c - +1 helmet
rElec  .         Dismiss  .     r - +1 cloak
rCorr  .         Reflect  .     (no gloves)
MR     +....     Harm     .     (no barding)
Stlth  ++........ NoTele   +    (no amulet)
                                t - +2 ring of evasion
                                u - +2 ring of protection

@: mighty, agile, very slow
A: thin metallic scales 1, see invisible, deformed body, deterioration 2, low mp
1, poison resistance, slowness 2, slow metabolism 1, spit poison 1, AC +3
a: Spit Poison, Bend Time, Temporal Distortion, Slouch, Step From Time, Renounce
Religion


You were in the Dungeon.
You worshipped Cheibriados.
Cheibriados was extremely pleased with you.
You were not hungry.

You visited 1 branch

Inventory:

Hand Weapons
 a - a +0 long sword
 p - a +2 scimitar of holy wrath (weapon)
Missiles
 d - 3 throwing nets (quivered)
Armour
 b - a +0 leather armour
 c - a +1 helmet (worn)
 q - a +0 pair of boots
 r - a +1 cloak (worn)
 s - a +1 scale mail (worn)
Jewellery
 t - a +2 ring of evasion (right hand)
 u - a +2 ring of protection (left hand)
Wands
 o - a wand of lightning (6/15)
Scrolls
 k - 2 scrolls of blinking
 m - 4 scrolls of remove curse
 n - 2 scrolls of amnesia
 w - a scroll of identify
 x - 2 scrolls of enchant armour
 y - a scroll of recharging
 z - a scroll of fog
Potions
 e - 7 potions of curing
 g - 3 potions of heal wounds
 h - a potion of haste
 i - 4 potions of magic
 v - a potion of brilliance
Comestibles
 f - a bread ration


   Skills:
 + Level 7.9 Fighting
 * Level 16.3 Long Blades
 - Level 1.7 Throwing
 + Level 4.4 Armour
 + Level 6.5 Dodging
 * Level 8.8 Invocations


You had 8 spell levels left.
You didn't know any spells.

Dungeon Overview and Level Annotations

Branches:
Dungeon (1/1)

Altars:
Cheibriados
Dithmenos
Elyvilon
Fedhas
Gozag
Hepliaklqana
Kikubaaqudgha
Makhleb
Nemelex Xobeh
Okawaru
Qazlal
Ru
Sif Muna
Trog
Uskayaw
Vehumet
Xom
Yredelemnul
Zin
The Shining One
Beogh
Jiyva
Lugonu


Innate Abilities, Weirdness & Mutations

You cannot wear boots.
Your serpentine skin is tough. (AC +3)
You have supernaturally acute eyesight. (SInv)
Armour fits poorly on your strangely shaped body.
Your system is resistant to poisons. (rPois)
You cover ground very slowly.
You have a slow metabolism.
You can spit poison.
You are partially covered in thin metallic scales. (AC +2)
Your body often deteriorates upon taking damage.
Your magical capacity is low. (-10% MP)


Message History

You riposte.
You slice the ten-headed hydra!!
The ten-headed hydra is almost dead.
The ten-headed hydra bites you!
* * * LOW HITPOINT WARNING * * *
The ten-headed hydra bites you but does no damage.
The ten-headed hydra closely misses you.
The ten-headed hydra bites you but does no damage.
The ten-headed hydra closely misses you.
The ten-headed hydra misses you.
The ten-headed hydra bites you but does no damage.
The ten-headed hydra barely misses you. The ten-headed hydra bites you.
* * * LOW HITPOINT WARNING * * *
Unknown command.
Unknown command.
Okay, then.
You feel very mighty all of a sudden. The ten-headed hydra bites you!
* * * LOW HITPOINT WARNING * * *
The ten-headed hydra bites you.
You die...

▓▓▓▓▓▓▓▓▓▓▓▓▓▓▓▓▓▓▓▓▓▓▓▓▓▓▓▓▓▓▓▓▓
____________________'.....).....)
▓▓▓▓▓▓▓▓▓▓▓▓▓▓▓▓▓▓▓▓▓▓▓▓▓▓▓▓▓▓▓▓▓
.................................
▓▓▓▓▓▓▓▓▓▓▓▓▓▓▓▓▓▓▓▓▓▓▓▓▓▓▓▓▓▓▓▓▓
.†..FDD@....!|......'...
▓▓▓▓▓▓▓▓▓▓▓▓▓▓▓▓▓▓▓▓▓▓▓▓


You could see a ten-headed hydra, a six-headed hydra and a spiny frog.

Vanquished Creatures
  3 hill giants (D)
  A komodo dragon (D)
  A slime creature (D)
  A yak (D)
  A wyvern (D)
  A basilisk (D)
  A water moccasin (D)
  A porcupine (D)
  2 sky beasts (D)
  A necrophage (D)
  3 bullfrogs (D)
  A hound (D)
  An orc wizard (D)
  An adder (D)
  An orc (D)
  A bat (D)
  A giant cockroach (D)
  A goblin (D)
  A kobold (D)
  A frilled lizard (D)
  A leopard gecko zombie (D)
  A quokka skeleton (D)
27 creatures vanquished.

Notes
Turn   | Place    | Note
-------+----------+-------------------------------------------
     0 | D        | Theye the Naga Gladiator began the quest for the Orb.
     0 | D        | Reached XP level 1. HP: 19/19 MP: 1/1
    96 | D        | Noticed an orc wizard
   101 | D        | Killed an orc wizard
   101 | D        | Reached skill level 5 in Long Blades
   101 | D        | Reached XP level 2. HP: 23/27 MP: 2/2
   101 | D        | Reached XP level 3. HP: 28/33 MP: 3/3
   106 | D        | Reached skill level 6 in Long Blades
   266 | D        | Found a roughly hewn altar of Beogh.
   266 | D        | Found a snail-covered altar of Cheibriados.
   266 | D        | Found a shadowy altar of Dithmenos.
   266 | D        | Found a white marble altar of Elyvilon.
   266 | D        | Found a blossoming altar of Fedhas.
   266 | D        | Found an opulent altar of Gozag.
   267 | D        | Found a hazy altar of Hepliaklqana.
   268 | D        | Found a viscous altar of Jiyva.
   269 | D        | Found an ancient bone altar of Kikubaaqudgha.
   270 | D        | Became a worshipper of Cheibriados the Contemplative
   271 | D        | Found a corrupted altar of Lugonu.
   272 | D        | Found a burning altar of Makhleb.
   273 | D        | Found a sparkling altar of Nemelex Xobeh.
   274 | D        | Found an iron altar of Okawaru.
   275 | D        | Found a stormy altar of Qazlal.
   287 | D        | Found a sacrificial altar of Ru.
   288 | D        | Found a deep blue altar of Sif Muna.
   289 | D        | Found a bloodstained altar of Trog.
   290 | D        | Found a hide-covered altar of Uskayaw.
   291 | D        | Found a radiant altar of Vehumet.
   292 | D        | Found a shimmering altar of Xom.
   293 | D        | Found a basalt altar of Yredelemnul.
   294 | D        | Found a glowing silver altar of Zin.
   295 | D        | Found a glowing golden altar of the Shining One.
   342 | D        | Noticed a wyvern
   342 | D        | Noticed a sky beast
   342 | D        | Noticed a hill giant
   342 | D        | Noticed a bullfrog
   342 | D        | Noticed a necrophage
   342 | D        | Noticed a bullfrog
   348 | D        | Killed a bullfrog
   348 | D        | Reached skill level 7 in Long Blades
   348 | D        | Reached skill level 1 in Armour
   348 | D        | Reached XP level 4. HP: 40/42 MP: 3/5
   348 | D        | Reached XP level 5. HP: 47/49 MP: 3/6
   352 | D        | Killed a necrophage
   352 | D        | Reached * piety under Cheibriados
   352 | D        | Reached skill level 9 in Long Blades
   362 | D        | Killed a hill giant
   362 | D        | Reached skill level 5 in Fighting
   362 | D        | Reached skill level 12 in Long Blades
   362 | D        | Reached skill level 5 in Dodging
   362 | D        | Reached skill level 5 in Invocations
   362 | D        | Reached XP level 6. HP: 35/61 MP: 4/10
   362 | D        | Reached XP level 7. HP: 39/67 MP: 4/11
   364 | D        | Reached ** piety under Cheibriados
   373 | D        | Killed a wyvern
   373 | D        | Reached skill level 13 in Long Blades
   373 | D        | Reached XP level 8. HP: 30/76 MP: 5/12
   575 | D        | Noticed a slime creature
   575 | D        | Noticed a hill giant
   575 | D        | Noticed a hill giant
   576 | D        | Was placed under penance by Cheibriados
   581 | D        | Killed a hill giant
   581 | D        | Was forgiven by Cheibriados
   581 | D        | Reached skill level 14 in Long Blades
   585 | D        | Killed a hill giant
   585 | D        | Reached *** piety under Cheibriados
   585 | D        | Reached XP level 9. HP: 86/86 MP: 12/14
   590 | D        | Reached skill level 15 in Long Blades
   591 | D        | Reached **** piety under Cheibriados
   632 | D        | Gained mutation: Your body sometimes deteriorates upon taking damage. [mutagenic meat]
   637 | D        | Gained mutation: Your body often deteriorates upon taking damage. [mutagenic meat]
   643 | D        | Gained mutation: You are partially covered in thin metallic scales. (AC +2) [mutagenic meat]
   646 | D        | Gained mutation: Your magical capacity is low. (-10% MP) [mutagenic meat]
   756 | D        | Noticed a komodo dragon
   756 | D        | Noticed a six-headed hydra
   756 | D        | Noticed a six-headed hydra
   757 | D        | Reached ***** piety under Cheibriados
   758 | D        | Killed a komodo dragon
   758 | D        | Reached skill level 16 in Long Blades
   760 | D        | Noticed a spiny frog
   766 | D        | HP: 1/88 [ten-headed hydra (12)]
   766 | D        | Slain by a ten-headed hydra

Vault maps used:
D:        linesprint

Skill      XL: |  1  2  3  4  5  6  7  8  9 |
---------------+----------------------------+-----
Dodging        | 3 4 5 6 |  6.5
Long Blades    | 5 7 12 13 14 16 | 16.3
Fighting       | 3 5 7 |  7.9
Armour         | 1 2 3 4 |  4.4
Invocations    | 2 5 6 7 8 |  8.8
Throwing       | |  1.7

Action                   |  1- 3 |  4- 6 |  7- 9 || total
-------------------------+-------+-------+-------++-------
Melee: Long sword        |    40 |       |       ||    40
       Scimitar          |     5 |    15 |    50 ||    70
Invok: Slouch            |       |       |     2 ||     2
Evoke: Wand              |       |       |     1 ||     1
  Use: Potion            |     1 |       |     3 ||     4
       Scroll            |       |       |     2 ||     2
 Stab: Invisible         |     2 |     2 |     7 ||    11
  Eat: Chunk             |       |       |     5 ||     5
Armor: Leather armour    |     5 |       |       ||     5
       Scale mail        |     4 |     3 |    20 ||    27
Dodge: Dodged            |    23 |     5 |    35 ||    63
